 Dungeon Crawl Stone Soup version 0.30-a0-634-g8abc85282e (webtiles) character file.

Game seed: 1008713614171490229

28 Dirtsage the Insei (level 3, -8/23 HPs)
             Began as an Octopode Transmuter on Jan 14, 2023.
             Mangled by a gnoll
             ... wielding a +0 flail
              (11 damage)
             ... on level 2 of the Dungeon.
             The game lasted 00:01:03 (935 turns).

Dirtsage the Insei (Octopode Transmuter)             Turns: 935, Time: 00:01:03

Health: -8/23      AC:  1    Str:  9    XL:     3   Next: 14%
Magic:  2/6        EV: 13    Int: 17    God:
Gold:   48         SH:  0    Dex: 12    Spells: 3/6 levels left

rFire   . . .      SeeInvis .      - Unarmed
rCold   . . .      Faith    .    (no shield)
rNeg    . . .      Spirit   .    (helmet currently unavailable)
rPois   .          Reflect  .    (no amulet)
rElec   .          Harm     .    (no ring)
rCorr   .          Rampage  .    (no ring)
Will    .....                    (no ring)
Stlth   ++                       (no ring)
HPRegen 0.23/turn                (no ring)
MPRegen 0.10/turn                (no ring)
                                 (no ring)
                                 (no ring)

@: appendages (expiring), wereblooded
A: tentacle spike 3, almost no armour, amphibious, 8 rings, camouflage 1,
gelatinous body 1, (nimble swimmer 1), tentacles
a: End Transformation


You were on level 2 of the Dungeon.
One of your tentacles had grown a beastly spike.
You visited 1 branch of the dungeon, and saw 2 of its levels.

You collected 48 gold pieces.

Inventory:

Magical Staves
 f - a staff of air
Scrolls
 b - 2 scrolls of teleportation {unknown}
 d - 2 scrolls of poison {unknown}
Potions
 a - a potion of lignification
 c - a potion of heal wounds {unknown}
 e - a potion of curing {unknown}


   Skills:
 - Level 1.0 Fighting
 - Level 2.0 Dodging
 - Level 3.0 Unarmed Combat
 - Level 2.0 Spellcasting
 * Level 2.8 Transmutations
 * Level 1.7 Ice Magic


You had 3 spell levels left.
You knew the following spells:

 Your Spells              Type           Power      Damage    Failure   Level
a - Beastly Appendage     Tmut           22%        N/A       6%          1
b - Wereblood             Tmut           11%        N/A       9%          2

Your spell library contained the following spells:

 Spells                   Type           Power      Damage    Failure   Level
 Spider Form              Tmut/Pois      6%         N/A       32%         3
 Tukima's Dance           Hex            1%         N/A       50%         3
 Ice Form                 Ice/Tmut       9%         N/A       58%         4
 Passage of Golubria      Tloc           1%         N/A       88%         4
 Yara's Violent Unravell  Hex/Tmut       3%         3d4       96%         5


Dungeon Overview and Level Annotations

Branches:
Dungeon (2/15)

Altars:


Innate Abilities, Weirdness & Mutations

One of your tentacles has grown a beastly spike.
You cannot wear most types of armour.
You are amphibious.
You can wear up to eight rings at the same time.
Your skin changes colour to match your surroundings (Stealth+).
Your rubbery body absorbs attacks. (AC +1, EV +1)
((You are camouflaged when in or above water. (Stealth+)))
You have tentacles for arms and can constrict up to eight enemies at once.


Message History

The gnoll is almost dead.
You constrict the gnoll.
You kill the gnoll!
The gnoll closely misses you.
You have reached level 3!
Your experience leads to an increase in your attributes!
Increase (s)trength, (i)ntelligence, or (d)exterity?
You feel clever. x2
Health restored: 23 The gnoll misses you.
Things that are here:
a +0 club; a gnoll corpse You tentacle-slap the gnoll but do no damage.
You grab the gnoll.
You constrict the gnoll, but do no damage.
The gnoll hits you with a +0 spear! The gnoll hits you with a +0 club.
Your magical contamination has completely faded away.
You take 14 damage, and have 9/23 hp.
MASSIVE DAMAGE!!
You tentacle-slap the gnoll.
You pierce the gnoll, but do no damage.
The gnoll is moderately wounded.
You constrict the gnoll.
A gnoll comes into view. It is wielding a +0 flail.
The gnoll barely misses you. The gnoll hits you with a +0 club.
* * * LOW HITPOINT WARNING * * *
You take 3 damage, and have 6/23 hp.
You tentacle-slap the gnoll but do no damage.
The gnoll is moderately wounded.
You constrict the gnoll.
The gnoll struggles to escape constriction.
You tentacle-slap the gnoll.
You pierce the gnoll.
The gnoll is almost dead.
Your transformation is almost over.
You constrict the gnoll. The gnoll closely misses you.
The gnoll hits you with a +0 club.
* * * LOW HITPOINT WARNING * * *
You take 6 damage, and have 1/23 hp.
MASSIVE DAMAGE!!
You tentacle-slap the gnoll.
You feel a bit better.
You kill the gnoll!
The gnoll hits you but does no damage. The gnoll hits you with a +0 flail!
You die...

.. .## #.# ....
#.# ...# ###
#.#####...# #.#
#.#.......# #.#
#.#.gg....#
#.###.#.@)....#
#.....#'###.#.#
#.#......#
#.###....#
#........#
#####.<..#
#....# #....#
#....#


You could see 2 gnolls.

Vanquished Creatures
  2 gnolls (D:2)
  A dart slug (D:1)
  2 ball pythons (D:1)
  A bat (D:1)
  2 endoplasms (D:1)
  A giant cockroach (D:1)
  2 goblins (D:1)
  A hobgoblin (D:1)
  A quokka (D:1)
  A frilled lizard (D:1)
  2 rats (D:1)
16 creatures vanquished.

Notes
Turn   | Place    | Note
-------+----------+-------------------------------------------
     0 | D:1      | Dirtsage the Octopode Transmuter began the quest for the
                  | Orb.
     0 | D:1      | Reached XP level 1. HP: 13/13 MP: 3/3
   345 | D:1      | Reached skill level 1 in Ice Magic
   345 | D:1      | Reached XP level 2. HP: 10/18 MP: 3/5
   352 | D:1      | Learned a level 2 spell: Wereblood
   560 | D:1      | Found a faded altar of an unknown god.
   930 | D:2      | Reached XP level 3. HP: 23/23 MP: 1/6
   934 | D:2      | HP: 1/23 [gnoll/+0 club (6)]
   935 | D:2      | Mangled by a gnoll

Illustrated notes

Levels and vault maps discovered:
D:1:      dpeg_arrival_circle_labyrinth_a, layout_loops_ring,
          chequers_ecumenical_altar_simple_redux
D:2:      minmay_skewed_foursquare, layout_basic, hex_medium, uniq_robin

Skill      XL: |  1 |
---------------+----+-----
Ice Magic      | 1 |  1.7
Fighting       | |  1.0
Dodging        | |  2.0
Unarmed Combat | |  3.0
Spellcasting   | |  2.0
Transmutations | |  2.8

Action                   || total
-------------------------++-------
Melee: Unarmed           ||    35
       Constrict         ||     8
       Kick              ||     6
       Tentacles         ||     4
 Cast: Beastly Appendage ||     4
       Wereblood         ||     1
 Stab: Sleeping          ||     2
Armor: Skin              ||     2
Dodge: Dodged            ||    19

Table legend: (Time is in decaauts)
 A = Elapsed time spent in this place.
 B = Non-inter-level travel time spent in this place.
 C = Inter-level travel time spent in this place.
 D = Time resting spent in this place.
 E = Time spent auto-exploring this place.
 F = Levels seen in this place.
 G = Mean time per level.
                   A        B        C        D        E       F      G
               +--------+--------+--------+--------+--------+-----+--------+
         Total |    932 |    906 |     26 |      0 |    787 |   2 |  466.0 |
       Dungeon |    932 |    906 |     26 |      0 |    787 |   2 |  466.0 |
               +--------+--------+--------+--------+--------+-----+--------+

Top non-repeatable levels by time:
     D:1: 907 daAuts
     D:2: 25 daAuts
